 Dungeon Crawl Stone Soup version 0.29-a0-1043-g569b05d6ff (webtiles) character file.

Game seed: 1730179376397723933

1543 Sobieck the Cudgeller (level 8, -8/87 HPs)
             Began as an Ogre Brigand on Aug 15, 2022.
             Was an Initiate of Okawaru.
             Mangled by an orc warrior
             ... wielding a +0 short sword
              (14 damage)
             ... on level 6 of the Dungeon.
             The game lasted 00:12:40 (6986 turns).

Sobieck the Cudgeller (Ogre Brigand)                Turns: 6986, Time: 00:12:41

Health: -8/87      AC:  4    Str: 24    XL:     8   Next: 87%
Magic:  8/8        EV:  9    Int: 12    God:    Okawaru [......]
Gold:   115        SH:  0    Dex: 10    Spells: 7/7 levels left

rFire   . . .      SeeInvis .   a - +3 war axe (elec) {axe}
rCold   . . .      Faith    .   (no shield)
rNeg    + . .      Spirit   .   p - +0 robe {rN+}
rPois   .          Reflect  .   (helmet restricted)
rElec   .          Harm     .   O - +0 cloak {Will+}
rCorr   .          Rampage  .   (gloves unavailable)
Will    +....                   (boots unavailable)
Stlth   ++........              u - amulet of the acrobat
HPRegen 0.24/turn               j - +6 ring of strength
MPRegen 0.11/turn               (no ring)

@: no status effects
A: large, unfitting armour, tough skin 1
a: Renounce Religion


You were on level 6 of the Dungeon.
You worshipped Okawaru.
Okawaru was noncommittal.
You visited 2 branches of the dungeon, and saw 7 of its levels.

You collected 332 gold pieces.
You spent 217 gold pieces at shops.


Innate Abilities, Weirdness & Mutations

You are too large for most types of armour.
You have tough skin. (AC +1)


   Skills:
 - Level 7.1 Fighting
 - Level 2.0 Short Blades
 - Level 4.3(6.8) Axes
 + Level 7.5(8.0) Maces & Flails
 - Level 2.0 Throwing
 - Level 0.8 Dodging
 - Level 2.9 Stealth


You had 7 spell levels left.
You didn't know any spells.
Your spell library contained the following spells:

 Spells                   Type           Power      Damage    Failure   Level
 Static Discharge         Conj/Air       0%         3-3/arc   45%         2
 Dazzling Flash           Conj/Hex       0%         N/A       69%         3
 Agony                    Necr           0%         N/A       100%        5
 Blade Hands              Tmut           0%         N/A       100%        5
 Irradiate                Conj/Tmut      0%         3d11      100%        5
 Lightning Bolt           Conj/Air       0%         1d11      100%        5
 Silence                  Hex/Air        0%         N/A       100%        5
 Dragon Form              Tmut           0%         N/A       100%        7
 Maxwell's Capacitive Co  Air            0%         ∞         100%        8

Inventory:

Hand Weapons
 a - a +3 war axe of electrocution (weapon) {axe}
   (You took it off an orc warrior on level 6 of the Dungeon)
 b - the +6 shortbow of Calamity {flame, rElec rN+ rCorr, bow}
   (You found it on level 6 of the Dungeon)

   Any ammunition fired from it burns those it strikes, dealing additional fire
   damage.
   rElec:     It insulates you from electricity.
   rN:        It protects you from negative energy.
   rCorr:     It protects you from acid and corrosion.
 h - a +0 giant club {mace}
   (You took it off an ogre on level 3 of the Dungeon)
 t - a +2 short sword of protection {short}
   (You found it on level 2 of the Dungeon)
 y - a +2 dagger {short}
 Q - a +2 long sword of holy wrath {long}
   (You found it on level 6 of the Dungeon)
 U - a +0 morningstar {mace}
   (You found it on level 4 of the Dungeon)
 X - a +3 war axe {axe}
   (You found it on level 1 of the Dungeon)
Missiles
 d - 11 poisoned darts (quivered) {throwing}
 e - 3 curare-tipped darts {=fthrowing}
 n - 49 stones {throwing}
 J - 6 javelins {throwing}
 S - 2 boomerangs {throwing}
Armour
 c - a +0 cloak
 i - a +0 robe
   (You found it on level 1 of the Dungeon)
 l - a +0 robe
   (You found it on level 1 of the Dungeon)
 p - a +0 robe of positive energy (worn)
   (You took it off Jessica on level 2 of the Dungeon)
 v - a +0 robe
   (You found it on level 2 of the Dungeon)
 x - an orb of light
   (You took it off a goblin on level 2 of the Dungeon)
 E - a scarf of resistance
   (You found it on level 3 of the Dungeon)
 H - a +0 robe
 N - a +0 robe
   (You took it off an orc wizard on level 4 of the Dungeon)
 O - a +0 cloak of willpower (worn)
   (You bought it in a shop on level 5 of the Dungeon)
 V - a +0 robe
   (You took it off an orc wizard on level 6 of the Dungeon)
Jewellery
 j - a +6 ring of strength (left hand)
   (You found it on level 1 of the Dungeon)
 u - an amulet of the acrobat (around neck)
   (You found it on level 2 of the Dungeon)
 w - a +4 ring of evasion
   (You took it off a goblin on level 2 of the Dungeon)
 W - a ring of ice
   (You found it on level 6 of the Dungeon)
Wands
 k - a wand of flame (13)
   (You took it off an orc on level 4 of the Dungeon)
 D - a wand of digging (7)
   (You found it on level 3 of the Dungeon)
 T - a wand of polymorph (15)
   (You found it on level 6 of the Dungeon)
Scrolls
 g - 4 scrolls of teleportation {@r4}
 s - a scroll of magic mapping {unknown}
 z - a scroll of enchant weapon
 B - 2 scrolls of noise {!r}
 G - 4 scrolls of identify {@r1}
 K - a scroll of immolation {unknown}
 L - a scroll of blinking {unknown}
 M - a scroll of enchant armour {unknown}
Potions
 f - 7 potions of curing {@q1}
 m - 3 potions of mutation {unknown}
 o - 2 potions of attraction {unknown}
 q - 2 potions of haste {@q3}
 r - 2 potions of heal wounds {unknown}
 A - 3 potions of brilliance {unknown}
 C - a potion of flight {unknown}
 F - 2 potions of magic {unknown}
 I - a potion of invisibility {unknown}
 P - a potion of cancellation {unknown}
 R - a potion of lignification {unknown}

Dungeon Overview and Level Annotations

Branches:
Dungeon (6/15) Zot: 26133  Temple (1/1) D:6 Zot: 5971

Altars:
Ashenzari
Cheibriados
Dithmenos
Elyvilon
Fedhas
Gozag
Hepliaklqana
Makhleb
Nemelex Xobeh
Okawaru
Qazlal
Sif Muna
Trog
Uskayaw
Vehumet
Xom
Yredelemnul
The Shining One

Shops:
D:4 = D:5

[ #..# .#
##.# # #.#
#.# #.# #.#
#.#######.[.
#.##o).)....
#.##@#
#....#
######


You could see an orc warrior.


Message History

a +0 mace {mace}; an orc corpse
There is a stone staircase leading up here.
V - a +0 robe
Things that are here:
a +0 dagger {short}; an orc skeleton
Things that are here:
a +0 ring mail; a +0 club {mace}
n - 49 stones {throwing} (gained 2)
f - 6 potions of curing {@q1} (gained 1)
Found a stone staircase leading down.
Unknown command.
f - 7 potions of curing {@q1} (gained 1)
Found a stone staircase leading down.
Unknown command.
There is a stone staircase leading down here.
Found a stone staircase leading down.
Unknown command.
A hound comes into view.
Danger!
Unknown command.
An adder comes into view.
The adder hisses angrily.
You slash the hound!
You kill the hound!
Okawaru accepts your kill.
You slash the adder! The adder bites you but does no damage.
The adder closely misses you.
You slash the adder! Lightning courses through the adder!
You kill the adder!
Okawaru accepts your kill.
No target in view!
There is a stone staircase leading down here.
W - a ring of ice Unknown command.
You now have 115 gold pieces (gained 14).
X - the +6 shortbow of Calamity {flame, rElec rN+ rCorr, bow} Unknown command.
Adjust (i)tems, (s)pells, or (a)bilities?
X - the +6 shortbow of Calamity {flame, rElec rN+ rCorr, bow} Adjust to which letter? (? for menu, Esc to quit)
b - the +6 shortbow of Calamity {flame, rElec rN+ rCorr, bow}
X - a +3 war axe {axe} Adjust (i)tems, (s)pells, or (a)bilities?
U - a +3 war axe of electrocution (weapon)
{axe} Adjust to which letter? (? for menu, Esc to quit)
a - a +3 war axe of electrocution (weapon)
{axe}
U - a +0 morningstar {mace} Your +3 war axe of electrocution {axe} stops crackling.
The +6 shortbow of Calamity {flame, rElec rN+ rCorr, bow} bursts into flame!
b - the +6 shortbow of Calamity (weapon)
{flame, rElec rN+ rCorr, bow}
Found an escape hatch in the floor.
Unknown command. 2 orcs come into view.
Danger!
You shoot an arrow. The arrow hits the orc.
The arrow burns the orc.
You hear a shout!
An orc warrior comes into view. It is wielding a +0 short sword.
You shoot an arrow. The arrow hits the orc.
The arrow burns the orc.
You kill the orc!
Okawaru accepts your kill.
You shoot an arrow.
The arrow hits the orc warrior but does no damage.
The +6 shortbow of Calamity {flame, rElec rN+ rCorr, bow} stops flaming.
You hear the crackle of electricity.
a - a +3 war axe of electrocution (weapon)
{axe} You closely miss the orc warrior.
You completely miss the orc warrior.
The orc warrior hits you with a +0 short sword!
The orc warrior hits you with a +0 short sword.
The orc completely misses you.
You closely miss the orc warrior. You slash the orc!
Lightning courses through the orc!
You kill the orc!
Okawaru accepts your kill. The orc warrior closely misses you.
You closely miss the orc warrior.
The orc warrior hits you with a +0 short sword!
You are too injured to fight recklessly!
You are too injured to fight recklessly!
You are too injured to fight recklessly!
You barely miss the orc warrior.
The orc warrior hits you with a +0 short sword!
You closely miss the orc warrior.
The orc warrior hits you with a +0 short sword!
* * * LOW HITPOINT WARNING * * *
You closely miss the orc warrior.
The orc warrior hits you with a +0 short sword!
* * * LOW HITPOINT WARNING * * *
You hit the orc warrior.
Lightning courses through the orc warrior!
The orc warrior hits you with a +0 short sword!
* * * LOW HITPOINT WARNING * * *
You slash the orc warrior!
The orc warrior hits you with a +0 short sword!
* * * LOW HITPOINT WARNING * * *
The orc warrior barely misses you.
You barely miss the orc warrior. The orc warrior barely misses you.
You barely miss the orc warrior.
The orc warrior hits you with a +0 short sword!
You die...

Skill      XL: |  1  2  3  4  5  6  7  8 |
---------------+-------------------------+-----
Fighting       | 3 4 5 6 7 |  7.1
Short Blades   | 2 |  2.0
Axes           | 3 4 |  4.3
Maces & Flails | 1 5 7 |  7.5
Throwing       | |  2.0
Dodging        | |  0.8
Stealth        | |  2.9

Action                   |  1- 3 |  4- 6 |  7- 9 || total
-------------------------+-------+-------+-------++-------
Melee: Dagger            |   103 |    42 |       ||   145
       Short sword       |       |    83 |       ||    83
       War axe           |       |    38 |    99 ||   137
       Punch             |       |     1 |     1 ||     2
 Fire: Shortbow          |       |       |     3 ||     3
Throw: Dart              |       |    17 |    27 ||    44
  Use: Scroll            |       |     8 |       ||     8
 Stab: Sleeping          |     7 |     5 |     3 ||    15
Armor: Robe              |    32 |    55 |    25 ||   112
Dodge: Dodged            |    39 |    72 |    48 ||   159

Levels and vault maps discovered:
D:1:      giann_forest_graveyard, layout_loops_ring,
          shapermc_ecumenical_altar_mp_ritualfount, dreamdust_wishing_well,
          minmay_box_of_dots
D:2:      layout_basic, uniq_jessica, uniq_natasha
D:3:      layout_basic, serial_glass, glass_columns_c, glass_columns_c,
          glass_columns_a, glass_columns_a, glass_columns_a, glass_columns_a,
          kennysheep_boxes
D:4:      layout_rooms, nicolae_uskayaw_murder_on_the_dancefloor,
          jmf_multi_god_temple, serial_shops, shop
D:5:      layout_gridville, nicolae_overflow_hidden_temple,
          nemelex_dance_club_becter, serial_shops, nicolae_shop_behind_doors,
          chequers_serial_rivers_large_a
D:6:      layout_loops_ring, minmay_temple_entry_sparse_star, dk_noncrumbling_4
Temple:   hellmonk_temple_two_chambers

Notes
Turn   | Place    | Note
-------+----------+-------------------------------------------
     0 | D:1      | Sobieck the Ogre Brigand began the quest for the Orb.
     0 | D:1      | Reached XP level 1. HP: 22/22 MP: 1/1
    25 | D:1      | Reached skill level 3 in Fighting
    88 | D:1      | Found a faded altar of an unknown god.
    99 | D:1      | Reached XP level 2. HP: 31/31 MP: 2/2
   240 | D:1      | Reached skill level 4 in Fighting
   463 | D:1      | Reached XP level 3. HP: 40/40 MP: 3/3
   839 | D:1      | Reached skill level 5 in Fighting
   934 | D:1      | You pick up a book of Transfigurations {@e2} and begin
                  | reading...
   934 | D:1      | You add the spells Irradiate, Blade Hands and Dragon Form
                  | to your library.
  1009 | D:2      | Noticed Jessica
  1010 | D:2      | Killed Jessica
  1011 | D:2      | Reached XP level 4. HP: 52/52 MP: 4/4
  1330 | D:2      | Reached skill level 6 in Fighting
  1549 | D:2      | Noticed Natasha
  1562 | D:2      | Killed Natasha
  1843 | D:2      | Noticed Natasha
  1860 | D:2      | Killed Natasha
  1861 | D:2      | Reached XP level 5. HP: 42/61 MP: 5/5
  1960 | D:2      | Noticed Natasha
  1985 | D:2      | Killed Natasha
  1986 | D:2      | Reached skill level 7 in Fighting
  1986 | D:2      | Reached skill level 2 in Short Blades
  2962 | D:3      | Reached skill level 1 in Axes
  3374 | D:4      | Noticed an ogre
  3381 | D:3      | Killed an ogre
  3382 | D:3      | Reached skill level 3 in Axes
  3382 | D:3      | Reached XP level 6. HP: 24/71 MP: 6/6
  3653 | D:4      | You pick up a book of the Senses and begin reading...
  3653 | D:4      | You add the spells Dazzling Flash, Agony and Silence to
                  | your library.
  3674 | D:4      | Found a shimmering altar of Xom.
  3674 | D:4      | Found a basalt altar of Yredelemnul.
  4026 | D:4      | Reached skill level 4 in Axes
  4104 | D:4      | Found a hide-covered altar of Uskayaw.
  4167 | D:4      | Found Yshameal's Jewellery Boutique.
  4395 | D:5      | Entered Level 5 of the Dungeon
  4395 | D:5      | Noticed an ice beast
  4580 | D:5      | Reached skill level 1 in Maces & Flails
  4580 | D:5      | Reached XP level 7. HP: 53/78 MP: 7/7
  4685 | D:5      | Found a sparkling altar of Nemelex Xobeh.
  4715 | D:5      | Reached skill level 2 in Maces & Flails
  4731 | D:5      | Reached skill level 3 in Maces & Flails
  5044 | D:5      | Found a burning altar of Makhleb.
  5081 | D:5      | Reached skill level 4 in Maces & Flails
  5191 | D:5      | Reached skill level 5 in Maces & Flails
  5191 | D:5      | Reached XP level 8. HP: 83/87 MP: 8/8
  5501 | D:5      | Found Jint's Antique Armour Shoppe.
  5509 | D:5      | Bought an embroidered cloak for 217 gold pieces
  5533 | D:5      | You pick up a book of Lightning and begin reading...
  5533 | D:5      | You add the spells Static Discharge, Lightning Bolt and
                  | Maxwell's Capacitive Coupling to your library.
  5840 | D:5      | Reached skill level 6 in Maces & Flails
  6004 | D:5      | Found a shimmering blue altar of Sif Muna.
  6188 | D:6      | Found a staircase to the Ecumenical Temple.
  6203 | Temple   | Entered the Ecumenical Temple
  6222 | Temple   | Became a worshipper of Warmaster Okawaru
  6280 | D:6      | HP: 17/87 [orc warrior/+3 war axe of electrocution (15)]
  6280 | D:6      | HP: 5/87 [orc warrior/+3 war axe of electrocution (12)]
  6282 | D:6      | Reached skill level 7 in Maces & Flails
  6929 | D:6      | Identified the +6 shortbow of Calamity {flame, rElec rN+
                  | rCorr}
  6983 | D:6      | HP: 19/87 [orc warrior/+0 short sword (7)]
  6984 | D:6      | HP: 5/87 [orc warrior/+0 short sword (14)]
  6986 | D:6      | Mangled by an orc warrior

Vanquished Creatures
  An ice beast (D:5)
  An orc warrior (D:6)
  4 ogres
  A centaur (D:5)
  3 scorpions
  2 howler monkeys (D:5)
  2 jellies
  An orc priest (D:4)
  A hound (D:6)
  Jessica (D:2)
  9 iguanas
  Natasha (thrice) (D:2)
  2 orc wizards
  7 adders
  A shadow imp (D:5)
  A white imp (D:5)
  2 ufetubi
  4 dart slugs
  23 orcs
  6 endoplasms
  2 giant cockroaches (D:1)
  4 goblins
  5 hobgoblins
  A jackal (D:1)
  6 kobolds
  5 quokkas
  5 ball pythons
  A bat (D:2)
  2 frilled lizards (D:1)
  7 rats
113 creatures vanquished.

Table legend:
 A = Non-vault XP
 B = Vault XP
 C = Vault XP percentage of total XP
 D = Non-vault monster count
 E = Vault monster count
 F = Vault count percentage of total count
                 A         B        C        D         E       F
            +---------+---------+-------+---------+---------+-------
      Total |    1975 |     230 |  10.4 |     105 |       8 |   7.1
            +---------+---------+-------+---------+---------+-------
        D:1 |      48 |       4 |   7.7 |      27 |       2 |   6.9
        D:2 |     104 |      73 |  41.2 |      12 |       2 |  14.3
        D:3 |     169 |       0 |   0.0 |      11 |       0 |   0.0
        D:4 |     236 |      39 |  14.2 |      14 |       2 |  12.5
        D:5 |     885 |     114 |  11.4 |      22 |       2 |   8.3
        D:6 |     533 |       0 |   0.0 |      19 |       0 |   0.0
            +---------+---------+-------+---------+---------+-------

Illustrated notes

Table legend:
 A = Kills in this place as a percentage of kills in entire the game.
 B = Kills by you in this place as a percentage of kills by you in the entire game.
 C = Kills by friends in this place as a percentage of kills by friends in the entire game.
 D = Other kills in this place as a percentage of other kills in the entire game.
 E = Experience gained in this place as a percentage of experience gained in the entire game.
 F = Experience gained in this place divided by the number of levels of this place that you have seen.
                   A       B       C       D       E      F
               +-------+-------+-------+-------+-------+----------------------
         Total | 100.0 | 100.0 |   N/A |   N/A | 100.0 | 315.0
       Dungeon | 100.0 | 100.0 |   N/A |   N/A | 100.0 | 367.5
               +-------+-------+-------+-------+-------+----------------------

Table legend: (Time is in decaauts)
 A = Elapsed time spent in this place.
 B = Non-inter-level travel time spent in this place.
 C = Inter-level travel time spent in this place.
 D = Time resting spent in this place.
 E = Time spent auto-exploring this place.
 F = Levels seen in this place.
 G = Mean time per level.
                   A        B        C        D        E       F      G
               +--------+--------+--------+--------+--------+-----+--------+
         Total |   7024 |   6751 |    273 |   1772 |   3830 |   7 | 1003.4 |
       Dungeon |   6995 |   6730 |    265 |   1772 |   3821 |   6 | 1165.8 |
        Temple |     28 |     20 |      8 |      0 |      9 |   1 |   28.0 |
               +--------+--------+--------+--------+--------+-----+--------+

Top non-repeatable levels by time:
     D:5: 1893 daAuts
     D:2: 1448 daAuts
     D:3: 1108 daAuts
     D:4: 1065 daAuts
     D:1: 1044 daAuts
     D:6: 434 daAuts
  Temple: 28 daAuts
